 Dungeon Crawl Stone Soup version 0.17-a0-1150-g17b0b87 (webtiles) character file.

116 Chiseanne the Skirmisher (level 4, 0/63 HPs)
             Began as a Draconian Wanderer on May 27, 2015.
             Killed by divine providence
             ... invoked by an orc priest
              (12 damage)
             ... on level 3 of the Dungeon.
             The game lasted 00:04:17 (2667 turns).

Chiseanne the Skirmisher (Draconian Wanderer)       Turns: 2667, Time: 00:04:17

Health: 0/63       AC: 22    Str: 17    XL:     4   Next: 70%
Magic:  4/4        EV:  2    Int: 10    God:
Gold:   116        SH:  7    Dex: 11    Spells: 0 memorised, 3 levels left

rFire  . . .     SeeInvis .     a - +2 short sword
rCold  . . .     Clarity  .     (armour unavailable)
rNeg   + + +     SustAt   .     k - +0 shield
rPois  +         Gourm    .     (helmet currently unavailable)
rElec  .         Spirit   .     (cloak currently unavailable)
rCorr  .         Warding  .     (gloves currently unavailable)
rMut   .         NoTele   +     (boots currently unavailable)
MR     .....                    (no amulet)
Stlth  +.........               (no ring)
                                (no ring)

@: tree-form, not resistant to hostile enchantments, very unstealthy
A: unfitting armour, (cold-blooded), AC +5
a: no special abilities


You were on level 3 of the Dungeon.
You were not hungry.
You were a tree.
You visited 1 branch of the dungeon, and saw 3 of its levels.

You collected 116 gold pieces.

Inventory:

Hand weapons
 a - a +2 short sword (weapon)
Missiles
 l - 23 arrows
 n - 3 curare-tipped needles
 p - 16 poisoned needles
Armour
 k - a +0 shield (worn)
Scrolls
 e - 3 scrolls of identify
 f - 2 scrolls of magic mapping
 g - a scroll of remove curse
 h - 5 scrolls of teleportation
 j - a scroll of recharging
Potions
 b - a potion of lignification
 c - 2 potions of curing
 i - a potion of cure mutation
 m - a potion of magic
 o - a potion of flight
 q - a potion of haste {unknown}
Comestibles
 d - 5 bread rations
 r - a chunk of flesh


   Skills:
 * Level 5.0 Fighting
 - Level 2.0 Short Blades
   Level 2.0 Maces & Flails
 - Level 1.0 Throwing
 * Level 2.6 Dodging
 * Level 0.6 Shields
   Level 1.0 Evocations


You had 3 spell levels left.
You didn't know any spells.

Dungeon Overview and Level Annotations

Branches:
Dungeon (3/15)

Altars:
Qazlal
Vehumet


Innate Abilities, Weirdness & Mutations

((Your plain brown scales are hard (AC +5).))
Your body does not fit into most forms of armour.
((You are cold-blooded and may be slowed by cold attacks.))


Message History

You hit the orc priest. You tail-slap the orc priest.
The orc priest is moderately wounded.
The adder bites you. The adder barely misses you.
The orc priest calls down the wrath of Beogh upon you.
Something smites you!
* * * LOW HITPOINT WARNING * * *
Drink which item? (? for menu, Esc to quit)
You turn into a tree.
Your roots penetrate the ground.
You block the adder's attack. The orc priest hits you with a flail.
* * * LOW HITPOINT WARNING * * *
You hit the orc priest.
The orc priest is moderately wounded.
You block the adder's attack. The adder bites you but does no damage.
You block the orc priest's attack.
You closely miss the orc priest.
The orc priest is moderately wounded.
You block the adder's attack.
The orc priest mumbles some strange prayers to Beogh against you.
Something smites you!
You die...

# *,,+,,,,,+,,#..#..#.... #
*,,#.....*,,#.##.#.####
#************#....,####....#.#
.,,,,,,,,,*,,#....,#..#.####.#
#*********#,,*....,#..#.# #.#
****##'####'####'#.####.#
*,,,....................#
*,**......o........######
*,**#.....S♣).....## *,*
##'####+####'## *,*
*,,*,,,,,#..# *,*
*,,*,,,,,#..# ##**,*
****,,,,,#### #..,,*
*,,*,,,,,*,,* *
#.#######,,+,,,,,+,,* #
#.##....#***+***+**** #
#.##.#### *,,*,,**,*


You could see an orc priest and an adder.

Vanquished Creatures
  An orc wizard (D:3)
  3 adders (D:3)
  An ooze (D:1)
  3 worms
  An orc (D:3)
  2 ball pythons
  9 bats
  3 goblins
  4 hobgoblins
  8 kobolds
  A quokka (D:2)
  4 giant cockroaches
  2 giant newts
  5 rats
47 creatures vanquished.

Notes
Turn   | Place    | Note
--------------------------------------------------------------
     0 | D:1      | Chiseanne the Draconian Wanderer began the quest for the Orb.
     0 | D:1      | Chiseanne set off with: a +2 short sword, a potion of lignification, a potion of curing, a bread ration
     0 | D:1      | Reached XP level 1. HP: 19/19 MP: 1/1
   311 | D:1      | Reached XP level 2. HP: 27/27 MP: 2/2
   312 | D:1      | Reached skill level 4 in Fighting
   996 | D:2      | Found a radiant altar of Vehumet.
  1016 | D:2      | Reached XP level 3. HP: 34/34 MP: 3/3
  2189 | D:3      | Found a stormy altar of Qazlal.
  2424 | D:3      | Reached XP level 4. HP: 32/41 MP: 4/4
  2437 | D:3      | Reached skill level 5 in Fighting
  2667 | D:3      | Killed from afar by an orc priest

Vault maps used:
D:1:      minmay_arrival_four_loops
D:2:      vehumet_crystals
D:3:      nicolae_qazlal_eye_of_the_storm, first_bread, minmay_snake_closets

Action                   |  1- 3 |  4- 6 || total
-------------------------+-------+-------++-------
Melee: Short sword       |   127 |    20 ||   147
  Use: Scroll            |     7 |       ||     7
       Potion            |       |     1 ||     1
 Stab: Sleeping          |     1 |       ||     1
  Eat: Chunk             |     5 |     1 ||     6
